[Event "Titled Tuesday Blitz May 03 Early 2022"]
[White "Kim, Sergey"]
[Black "Pein, Jonathan"]
[WhiteFideId "13700570"]
[BlackFideId "417092"]
[WhiteElo "2560"]
[BlackElo "2140"]
[Result "1-0"]
[Round "06"]
[TimeControl "180+1"]
[Date "2022.05.03"]
[WhiteClock "0:00:18"]
[BlackClock "0:00:05"]

1. d4 d5 2. c4 Nc6 3. Nc3 Nf6 4. Nf3 Bg4 5. e3 e6 6. h3 Bh5 7. a3 Be7 8. Be2 O-O 9. O-O dxc4 10. Bxc4 e5 11. d5 Na5 12. Be2 Bxf3 13. Bxf3 Bd6 14. Be2 b6 15. e4 Nb7 16. Bg5 h6 17. Bh4 a5 18. Rc1 g5 19. Bg3 Nc5 20. Bf3 a4 21. Re1 Qd7 22. Bg4 Nxg4 23. hxg4 Nb3 24. Rc2 Nd4 25. Rd2 f6 26. f3 Bc5 27. Bf2 h5 28. gxh5 Kg7 29. g4 Rh8 30. Kg2 b5 31. Bxd4 Bxd4 32. Ne2 Be3 33. Rc2 Bf4 34. Rg1 Kh6 35. Ng3 Bxg3 36. Kxg3 Rhd8 37. Qc1 Rab8 38. Rc6 Rb6 39. Rxc7 Qd6 40. Rg2 b4 41. Rgc2 bxa3 42. bxa3 Rb3 43. R2c6 Qf8 44. Ra6 Rdb8 45. Raa7 Rxf3+ 46. Kxf3 Rb3+ 47. Kg2 Qg8 48. Rh7+ Qxh7 49. Rxh7+ Kxh7 50. d6 Rd3 51. Qc7+ Kh6 52. Qf7 Rd2+ 53. Kf1 Rxd6 54. Qg6# 1-0


[Site "https://www.chess.com"]

[Event "Titled Tuesday Blitz May 03 Early 2022"]
[White "Kouskoutis, Georgios-Alexandros"]
[Black "D`Arruda, Ricardo D."]
[WhiteFideId "4234049"]
[BlackFideId "100692"]
[WhiteElo "2130"]
[BlackElo "2400"]
[Result "0-1"]
[Round "06"]
[TimeControl "180+1"]
[Date "2022.05.03"]
[WhiteClock "0:00:03"]
[BlackClock "0:00:47"]

1. c4 e5 2. g3 Nc6 3. Bg2 Nf6 4. Nc3 Bb4 5. e4 d6 6. Nge2 O-O 7. O-O a5 8. d3 h6 9. h3 Bc5 10. Kh2 Ne7 11. f4 c6 12. d4 exd4 13. Nxd4 Ng6 14. Be3 Re8 15. Qd3 Bd7 16. Rad1 Qc7 17. Rfe1 Rad8 18. Bc1 Bc8 19. b3 h5 20. Nf5 h4 21. Nxh4 Nxh4 22. gxh4 Bf2 23. Rf1 Bxh4 24. Qf3 Nh7 25. Kh1 Qe7 26. Bb2 Bf6 27. Rfe1 Nf8 28. e5 dxe5 29. Ne4 Bh4 30. fxe5 Bxe1 31. Rxe1 Ng6 32. Qg3 Qh4 33. Qe3 Nf4 34. Rg1 Rd3 35. Nf6+ Qxf6 36. Qxd3 Nxd3 37. exf6 Nxb2 38. Bf3 g6 39. h4 Nd3 40. h5 Re1 41. hxg6 Rxg1+ 42. Kxg1 fxg6 43. Be4 Ne5 44. Kf2 Kf7 45. Ke3 Kxf6 46. Kd4 b6 47. c5 b5 48. a3 Be6 49. b4 a4 50. Bh1 g5 51. Bg2 g4 52. Bh1 Bd5 0-1


[Site "https://www.chess.com"]

[Event "Titled Tuesday Blitz May 03 Early 2022"]
[White "Kozin, Yuri"]
[Black "Shtyka, Sergey"]
[WhiteFideId "4129920"]
[BlackFideId "4138465"]
[WhiteElo "2580"]
[BlackElo "2014"]
[Result "1-0"]
[Round "06"]
[TimeControl "180+1"]
[Date "2022.05.03"]
[WhiteClock "0:01:10"]
[BlackClock "0:00:01"]

1. e4 c5 2. Nf3 d6 3. d4 cxd4 4. Nxd4 Nf6 5. Nc3 g6 6. Bc4 Bg7 7. Bb3 O-O 8. h3 Nc6 9. Be3 Bd7 10. O-O Rc8 11. Re1 a6 12. Nf3 Na5 13. Bg5 Nc4 14. Bxc4 Rxc4 15. Qd3 Rc5 16. Rad1 Bc6 17. e5 Bxf3 18. Qxf3 Nh5 19. exd6 Rxg5 20. dxe7 Qc8 21. exf8=Q+ Bxf8 22. Nd5 Qxc2 23. Ne7+ Bxe7 24. Rxe7 Rf5 25. Rd8+ Kg7 26. Qc3+ Qxc3 27. bxc3 Nf4 28. c4 Ne6 29. Rdd7 b5 30. Rxe6 bxc4 31. Rc6 Rd5 32. Rxd5 1-0


[Site "https://www.chess.com"]

[Event "Titled Tuesday Blitz May 03 Early 2022"]
[White "Lamaze, Simon"]
[Black "Ciorgovean, Iustin"]
[WhiteFideId "36069264"]
[BlackFideId "1242911"]
[WhiteElo "1999"]
[BlackElo "2075"]
[Result "1-0"]
[Round "06"]
[TimeControl "180+1"]
[Date "2022.05.03"]
[WhiteClock "0:01:12"]
[BlackClock "0:00:01"]

1. d4 Nf6 2. c4 c5 3. d5 b5 4. cxb5 a6 5. bxa6 g6 6. Nc3 Bg7 7. e4 O-O 8. a7 Rxa7 9. Nf3 e6 10. Be2 exd5 11. exd5 d6 12. O-O Nbd7 13. Nb5 Ra6 14. a4 Nb6 15. Nc3 Ra8 16. a5 Bb7 17. Bg5 Nbd7 18. a6 Bc8 19. Bb5 Qb6 20. Bc6 Rxa6 21. Nb5 Rxa1 22. Qxa1 Ba6 23. Qa4 Nb8 24. Ra1 Bxb5 25. Qxb5 Nxd5 26. Qxb6 Nxb6 27. Bb5 Bxb2 28. Rb1 Bg7 29. Be7 Rc8 30. Bxd6 c4 31. Bxb8 Rxb8 32. Bxc4 Rc8 33. Ba2 Bb2 34. Ng5 Nc4 35. Nxf7 Kxf7 36. Rxb2 Kg7 37. Rb7+ Kh6 38. g3 Ne5 39. Kg2 Rc2 40. Bb1 Rd2 41. h3 Nc4 42. Rb4 Ne3+ 43. Kf3 Nd1 44. h4 Rxf2+ 45. Kg4 Ne3+ 46. Kh3 Rf1 47. Be4 Re1 48. Rb7 Nf1 49. Bd5 Ne3 50. Re7 Nc2 51. Rxe1 Nxe1 52. Be4 Kg7 53. Kg4 Kf6 54. Kf4 h6 55. Ke3 Ke5 56. Bxg6 Ng2+ 57. Kf3 1-0


[Site "https://www.chess.com"]

[Event "Titled Tuesday Blitz May 03 Early 2022"]
[White "Lashkin, Jegor"]
[Black "Osmak, Yuliia"]
[WhiteFideId "13907808"]
[BlackFideId "14101602"]
[WhiteElo "2368"]
[BlackElo "2302"]
[Result "1-0"]
[Round "06"]
[TimeControl "180+1"]
[Date "2022.05.03"]
[WhiteClock "0:00:10"]
[BlackClock "0:00:07"]

1. Nf3 d6 2. d4 Bg4 3. c4 Bxf3 4. exf3 e6 5. Nc3 Nf6 6. d5 e5 7. Bd3 g6 8. O-O Bg7 9. f4 Nbd7 10. Re1 O-O 11. h3 Re8 12. Be3 exf4 13. Bxf4 Rxe1+ 14. Qxe1 Nc5 15. Be2 Nfe4 16. Nxe4 Nxe4 17. Bf3 Nc5 18. Qd2 Qf6 19. Rb1 Re8 20. b4 Nd7 21. Bg4 Ne5 22. Re1 Nf3+ 23. Bxf3 Rxe1+ 24. Qxe1 Qxf4 25. Qe8+ Bf8 26. Qe2 Qc1+ 27. Kh2 Qc3 28. b5 h5 29. h4 Qd4 30. g3 Bg7 31. Qe8+ Kh7 32. Kg2 f5 33. Qe2 Qe5 34. Qd2 Qd4 35. Qe2 Be5 36. Qc2 Kg7 37. Qe2 Kf6 38. Qc2 f4 39. g4 hxg4 40. Bxg4 Kg7 41. Bf3 Bf6 42. h5 gxh5 43. Bxh5 Qe5 44. Qg6+ Kf8 45. Qf7# 1-0


[Site "https://www.chess.com"]

[Event "Titled Tuesday Blitz May 03 Early 2022"]
[White "Lauridsen, Jesper Morch"]
[Black "Chuemsakul, Sarocha"]
[WhiteFideId "1401890"]
[BlackFideId "6203710"]
[WhiteElo "2231"]
[BlackElo "1703"]
[Result "1/2-1/2"]
[Round "06"]
[TimeControl "180+1"]
[Date "2022.05.03"]
[WhiteClock "0:00:43"]
[BlackClock "0:00:11"]

1. e4 e5 2. Nf3 Nc6 3. Nc3 Nf6 4. d4 exd4 5. Nd5 Bc5 6. Bg5 Be7 7. Bf4 d6 8. Nxd4 Nxd5 9. exd5 Ne5 10. Bb5+ Bd7 11. Nf5 Bxb5 12. a4 Bd7 13. Nxg7+ Kf8 14. Bh6 Kg8 15. Ra3 Bf6 16. Rg3 Ng6 17. h4 Bxg7 18. Bxg7 Kxg7 19. h5 Qe7+ 20. Kf1 Bf5 21. Qf3 Qe4 22. Qc3+ Qe5 23. Qd2 h6 24. Re3 Qf4 25. hxg6 Bxg6 26. g3 Qc4+ 27. Kg1 Rae8 28. Rxe8 Rxe8 29. Qxh6+ Kf6 30. Rh4 Re1+ 31. Kh2 Qxd5 32. Rf4+ Ke7 33. Qh4+ Kd7 34. Qg4+ Kd8 35. Qh4+ Kd7 36. Qg4+ Kd8 37. Qh4+ Kd7 1/2-1/2


[Site "https://www.chess.com"]

[Event "Titled Tuesday Blitz May 03 Early 2022"]
[White "Lazavik, Denis"]
[Black "Bok, Benjamin"]
[WhiteFideId "13515110"]
[BlackFideId "1017063"]
[WhiteElo "2437"]
[BlackElo "2658"]
[Result "1/2-1/2"]
[Round "06"]
[TimeControl "180+1"]
[Date "2022.05.03"]
[WhiteClock "0:00:14"]
[BlackClock "0:00:02"]

1. d4 d5 2. c4 c6 3. Nf3 Nf6 4. e3 Bf5 5. Nc3 e6 6. Nh4 Be4 7. f3 Bg6 8. Qb3 Qc7 9. Bd2 Be7 10. O-O-O dxc4 11. Bxc4 b5 12. Be2 a6 13. Nxg6 hxg6 14. Kb1 c5 15. dxc5 Nbd7 16. e4 Nxc5 17. Qc2 O-O 18. Be3 Rfc8 19. Rc1 Qb7 20. Qd2 Rc7 21. Nd1 Rd8 22. Qe1 Na4 23. Nf2 Bc5 24. Bxc5 Rxc5 25. Rxc5 Nxc5 26. Qb4 Qb6 27. Rd1 Rxd1+ 28. Nxd1 Ncd7 29. Qe1 Qd4 30. Qf2 Qd6 31. g3 g5 32. Qe3 Qc5 33. Qxc5 Nxc5 34. Nf2 Kf8 35. b4 Na4 36. Kc2 Ke7 37. Nd3 Nd7 38. a3 Kd6 39. f4 gxf4 40. gxf4 f6 41. Bf3 Nab6 42. Bd1 Nc4 43. a4 bxa4 44. Kc3 Ncb6 45. Kb2 e5 46. f5 Nc4+ 47. Kc3 Ndb6 48. Nc5 a3 49. Bb3 Ne3 50. Nxa6 Nf1 51. h4 Ng3 52. Kd3 Nh5 53. Nc5 Nf4+ 54. Kd2 Ng2 55. h5 Nf4 56. Kc2 Nxh5 57. Ne6 Kc6 58. Kc3 Kb5 59. Nc7+ Kc6 60. Ne6 Kd6 61. Ba2 Ke7 62. Kb3 Ng3 63. Nxg7 Nxe4 64. Kxa3 Nd6 65. Bb1 e4 66. Kb3 e3 67. Kc3 Nd5+ 68. Kd3 e2 69. Kxe2 Nc3+ 70. Kf3 Nxb1 71. Nh5 Nc3 72. b5 Ncxb5 73. Kf4 Ne8 74. Nxf6 Nxf6 75. Ke5 Nd6 76. Kf4 Nf7 77. Ke3 Kd6 78. Kd4 Kc6 79. Kc4 Ne5+ 80. Kc3 Kc5 81. Kb3 Nc6 82. Kc3 Nb4 83. Kb3 Nbd5 84. Kc2 Kc4 85. Kd2 Kd4 86. Kc2 Ke3 87. Kb3 Kd3 88. Kb2 Ne3 89. Kb3 Nc2 90. Kb2 Nd4 91. Kc1 Ke2 92. Kb2 Kd2 93. Ka3 Kc3 94. Ka4 Kc4 95. Ka3 Nc2+ 96. Kb2 Nb4 97. Kc1 Kc3 98. Kd1 Kd3 99. Kc1 Nc2 100. Kb2 Nd4 101. Ka3 Kc3 102. Ka4 Kc4 103. Ka5 Kc5 104. Ka4 Kc4 1/2-1/2


[Site "https://www.chess.com"]

[Event "Titled Tuesday Blitz May 03 Early 2022"]
[White "Leiva, Gianmarco"]
[Black "Khabinets, Ivan"]
[WhiteFideId "3804399"]
[BlackFideId "14115980"]
[WhiteElo "2323"]
[BlackElo "2114"]
[Result "1-0"]
[Round "06"]
[TimeControl "180+1"]
[Date "2022.05.03"]
[WhiteClock "0:00:22"]
[BlackClock "0:00:48"]

1. Nf3 d5 2. g3 g6 3. Bg2 Bg7 4. O-O e5 5. c4 d4 6. d3 Ne7 7. e3 c5 8. exd4 cxd4 9. b4 O-O 10. Re1 Qc7 11. Nbd2 a5 12. b5 Nd7 13. a4 Nc5 14. Nb3 Nxb3 15. Qxb3 Re8 16. b6 Qb8 17. Ba3 Nc6 18. Ng5 Bf8 19. Bxf8 Rxf8 20. Bxc6 bxc6 21. Rab1 Qb7 22. Ne4 Bf5 23. c5 Bxe4 24. Rxe4 Qe7 25. Rbe1 Qxc5 26. Rxe5 Qb4 27. Qxb4 axb4 28. a5 Ra6 29. Rb1 f6 30. Rc5 1-0


[Site "https://www.chess.com"]

[Event "Titled Tuesday Blitz May 03 Early 2022"]
[White "Liyanage, Ranindu Dilshan"]
[Black "Mammadzada, Gunay"]
[WhiteFideId "9915834"]
[BlackFideId "13403729"]
[WhiteElo "1858"]
[BlackElo "2242"]
[Result "0-1"]
[Round "06"]
[TimeControl "180+1"]
[Date "2022.05.03"]
[WhiteClock "0:00:05"]
[BlackClock "0:00:34"]

1. e4 Nf6 2. e5 Nd5 3. d4 d6 4. Nf3 g6 5. Be2 Bg7 6. O-O O-O 7. c4 Nb6 8. exd6 cxd6 9. Nc3 Nc6 10. Be3 Bg4 11. b3 e5 12. dxe5 dxe5 13. Qxd8 Raxd8 14. Rad1 Nd4 15. c5 Nxe2+ 16. Nxe2 Nd5 17. Bg5 f6 18. Bc1 e4 19. Nfd4 f5 20. f3 Nc3 21. fxg4 Nxd1 22. Rxd1 f4 23. Bb2 f3 24. Ng3 e3 25. gxf3 Rxf3 26. Nge2 Rf2 27. Re1 a5 28. Ba1 Rc8 29. Rc1 Be5 30. h3 h5 31. g5 h4 32. a3 Rcf8 33. Rd1 Bxd4 34. Nxd4 e2 35. Nxe2 Rxe2 36. Rd7 Re1+ 37. Kg2 Rxa1 38. Rxb7 Rxa3 39. b4 axb4 0-1


[Site "https://www.chess.com"]

[Event "Titled Tuesday Blitz May 03 Early 2022"]
[White "Lohani, Sujana"]
[Black "Manon, Reja Neer"]
[WhiteFideId "12311987"]
[BlackFideId "10224009"]
[WhiteElo "1691"]
[BlackElo "1911"]
[Result "1-0"]
[Round "06"]
[TimeControl "180+1"]
[Date "2022.05.03"]
[WhiteClock "0:00:05"]
[BlackClock "0:00:07"]

1. e4 c6 2. d4 d5 3. e5 Bf5 4. g4 Bg6 5. f4 Be4 6. Nf3 h5 7. g5 e6 8. Bd3 Ne7 9. Bxe4 dxe4 10. Nh4 c5 11. Nc3 cxd4 12. Nxe4 Nec6 13. Bd2 Na6 14. Qe2 Qb6 15. O-O-O O-O-O 16. Kb1 Ba3 17. Bc1 g6 18. Nf3 Be7 19. Nd6+ Bxd6 20. exd6 Rxd6 21. b3 Nc7 22. Bb2 Rhd8 23. Qe4 a5 24. a4 Na6 25. Rd2 Nc5 26. Qe2 d3 27. cxd3 Qxb3 28. d4 Nb4 29. dxc5 Rxd2 30. Nxd2 Qc2+ 31. Ka1 Qxa4+ 32. Kb1 Qc2+ 33. Ka1 1-0


[Site "https://www.chess.com"]

[Event "Titled Tuesday Blitz May 03 Early 2022"]
[White "Lopez, Henry"]
[Black "Seo, Jung Min"]
[WhiteFideId "5203830"]
[BlackFideId "1734687"]
[WhiteElo "2177"]
[BlackElo "2401"]
[Result "1/2-1/2"]
[Round "06"]
[TimeControl "180+1"]
[Date "2022.05.03"]
[WhiteClock "0:00:16"]
[BlackClock "0:00:39"]

1. d4 Nf6 2. Nf3 g6 3. c4 Bg7 4. Nc3 d5 5. h4 dxc4 6. e4 c5 7. d5 Bg4 8. Bxc4 Nbd7 9. Qc2 O-O 10. Be3 a6 11. a4 Bxf3 12. gxf3 Ne5 13. Be2 Rc8 14. O-O Qd7 15. Kg2 Nh5 16. Qd1 f5 17. f4 Ng4 18. e5 Bh6 19. Qc1 c4 20. Bd2 Bg7 21. a5 Rc5 22. f3 Nh6 23. Be3 Rcc8 24. Ra4 e6 25. d6 Qd8 26. Rh1 Nf7 27. Bxc4 Qd7 28. Rb4 Kh8 29. b3 Nxe5 30. fxe5 Bxe5 31. Rd1 Qg7 32. Bh6 Qf6 33. Bg5 Qg7 34. Na4 Bf6 35. d7 Rcd8 36. Rxb7 Bxg5 37. Qxg5 e5 38. Nc5 Nf4+ 39. Kh2 h6 40. Qg3 Qf6 41. Rb6 Qe7 42. Ne6 Rxd7 43. Rxd7 Qxd7 44. Nxf8 Qd2+ 45. Kg1 Qc1+ 46. Kh2 Qd2+ 47. Kh1 Qd1+ 48. Kh2 Qd2+ 1/2-1/2


[Site "https://www.chess.com"]

[Event "Titled Tuesday Blitz May 03 Early 2022"]
[White "Madmaxfury1995"]
[Black "Priyanka, K"]
[BlackFideId "5082986"]
[WhiteElo "2601"]
[BlackElo "1905"]
[Result "0-1"]
[Round "06"]
[TimeControl "180+1"]
[Date "2022.05.03"]
[WhiteClock "0:00:16"]
[BlackClock "0:00:16"]

1. d4 Nf6 2. Nf3 g6 3. Bf4 Bg7 4. e3 d6 5. h3 O-O 6. Be2 Nbd7 7. O-O b6 8. c4 Bb7 9. Nc3 Re8 10. Rc1 Ne4 11. Nxe4 Bxe4 12. Qb3 e5 13. dxe5 dxe5 14. Bg5 Qc8 15. Rfd1 Nc5 16. Qa3 a5 17. Nd2 Bb7 18. Bf3 e4 19. Bg4 f5 20. Be2 Be5 21. Nf1 Ne6 22. Bh4 g5 23. Bg3 f4 24. Bh2 f3 25. gxf3 exf3 26. Bd3 Nc5 27. Ng3 Nxd3 28. Qxd3 Qxh3 29. Qf1 Qg4 30. c5 h5 31. Qc4+ Qxc4 32. Rxc4 b5 33. Rc2 Rad8 34. Rcd2 Rxd2 35. Rxd2 h4 36. Nh5 Kf7 37. Rd7+ Kg6 38. Bxe5 Rxe5 39. Rxc7 Kxh5 40. Rxb7 Rxc5 41. Kh2 Rc2 42. Rxb5 Rxf2+ 43. Kg1 Rg2+ 44. Kf1 h3 45. Rb8 h2 46. Rh8+ Kg4 47. a3 Rg1+ 48. Kf2 h1=Q 0-1


[Site "https://www.chess.com"]

[Event "Titled Tuesday Blitz May 03 Early 2022"]
[White "Martin Carmona, Gaston Manuel"]
[Black "Pham, Tran Gia Phuc"]
[WhiteFideId "22284567"]
[BlackFideId "12415669"]
[WhiteElo "2146"]
[BlackElo "1789"]
[Result "0-1"]
[Round "06"]
[TimeControl "180+1"]
[Date "2022.05.03"]
[WhiteClock "0:00:35"]
[BlackClock "0:01:08"]

1. d4 Nf6 2. c4 e6 3. Nc3 Bb4 4. Qc2 b6 5. e4 c5 6. d5 Qe7 7. Ne2 exd5 8. exd5 d6 9. Bf4 O-O 10. a3 Bxc3+ 11. Qxc3 Ne4 12. Qe3 g5 13. Bxd6 Qxd6 14. Qxe4 Nd7 15. h4 Nf6 16. Qe3 g4 17. Qg5+ Kh8 18. Qf4 Qxf4 19. Nxf4 Re8+ 20. Be2 Ba6 21. O-O-O Re4 22. g3 Bxc4 23. Bxc4 Rxc4+ 24. Kb1 Ne4 25. Rhf1 Rd8 26. Ng2 Rd4 27. Ne3 Nd2+ 28. Rxd2 Rxd2 29. Kc1 Rd4 30. Kc2 f5 31. Nxf5 R4xd5 32. Ne3 Rd2+ 33. Kc3 h5 34. Ng2 R8d3+ 35. Kc4 a6 36. Nf4 Rf3 37. Nxh5 Rxb2 38. Re1 Rc2+ 39. Kd5 Rf5+ 40. Ke6 Rxh5 41. Kf7 Kh7 0-1


[Site "https://www.chess.com"]

[Event "Titled Tuesday Blitz May 03 Early 2022"]
[White "Matinian, Nikita"]
[Black "Sjugirov, Sanan"]
[WhiteFideId "24129100"]
[BlackFideId "4189302"]
[WhiteElo "2422"]
[BlackElo "2602"]
[Result "1/2-1/2"]
[Round "06"]
[TimeControl "180+1"]
[Date "2022.05.03"]
[WhiteClock "0:00:05"]
[BlackClock "0:00:02"]

1. e4 c6 2. Nc3 d5 3. Nf3 Bg4 4. h3 Bxf3 5. Qxf3 e6 6. d3 Nd7 7. g3 Bc5 8. Bg2 Ne7 9. O-O O-O 10. Qe2 f5 11. Bg5 h6 12. Bxe7 Qxe7 13. exf5 exf5 14. Qxe7 Bxe7 15. Rfe1 Bf6 16. Ne2 g5 17. c3 Rae8 18. Kf1 Nc5 19. Red1 Re7 20. d4 Ne4 21. Nc1 Rfe8 22. Nd3 Kg7 23. Bf3 Kg6 24. a4 h5 25. a5 g4 26. Bg2 h4 27. a6 hxg3 28. axb7 gxf2 29. hxg4 fxg4 30. Rxa7 Bh4 31. Bxe4+ Rxe4 32. Kg2 Re3 33. Ra8 Rg3+ 34. Kh2 Rh3+ 35. Kg2 Rg3+ 36. Kh2 Rh3+ 37. Kg2 Rg3+ 1/2-1/2


[Site "https://www.chess.com"]

[Event "Titled Tuesday Blitz May 03 Early 2022"]
[White "Matveeva, Olga"]
[Black "Hnydiuk, Aleksander"]
[WhiteFideId "24107018"]
[BlackFideId "1109057"]
[WhiteElo "2083"]
[BlackElo "2374"]
[Result "0-1"]
[Round "06"]
[TimeControl "180+1"]
[Date "2022.05.03"]
[WhiteClock "0:00:43"]
[BlackClock "0:00:39"]

1. d4 Nf6 2. c4 g6 3. Nf3 Bg7 4. g3 O-O 5. Bg2 d6 6. Nc3 Nc6 7. O-O e5 8. dxe5 dxe5 9. Bg5 Be6 10. Bxf6 Bxf6 11. Nd5 Bg7 12. e4 Bg4 13. h3 Bxf3 14. Qxf3 Nd4 15. Qd1 c6 16. Ne3 Qb6 17. b3 Rfd8 18. Qe1 a5 19. Kh2 Bf8 20. f4 a4 21. bxa4 exf4 22. gxf4 Rxa4 23. e5 Rda8 24. f5 Rxa2 25. Rxa2 Rxa2 26. e6 Qc7+ 27. Kh1 Re2 28. Qc3 Bc5 29. exf7+ Qxf7 30. fxg6 Qxg6 31. Ng4 h5 32. Nf6+ Kh8 33. Be4 Rxe4 34. Nxe4 Qxe4+ 35. Kh2 Qe2+ 0-1


[Site "https://www.chess.com"]

[Event "Titled Tuesday Blitz May 03 Early 2022"]
[White "Melikyan, Gnel"]
[Black "Shimanov, Aleksandr"]
[WhiteFideId "54109990"]
[BlackFideId "4198603"]
[WhiteElo "1772"]
[BlackElo "2636"]
[Result "0-1"]
[Round "06"]
[TimeControl "180+1"]
[Date "2022.05.03"]
[WhiteClock "0:00:08"]
[BlackClock "0:00:06"]

1. e4 d5 2. exd5 Qxd5 3. Nc3 Qe5+ 4. Qe2 Qxe2+ 5. Bxe2 Nf6 6. d3 e5 7. Nf3 Bd6 8. b3 Nc6 9. Bb2 a6 10. O-O-O O-O 11. Ne4 Nd5 12. d4 Nf4 13. Bf1 Bg4 14. dxe5 Bb4 15. a3 Be7 16. Ned2 Rad8 17. h3 Bh5 18. Re1 Rd7 19. g3 Ne6 20. Bc4 b5 21. Bd3 Rfd8 22. Be4 Ncd4 23. Nxd4 Nxd4 24. f3 Nxc2 25. e6 fxe6 26. Bxc2 Rxd2 27. Rxe6 Bf8 28. g4 Bf7 29. Re3 Bc5 30. Rc3 Bb6 31. b4 Rf2 32. Rd1 Rxd1+ 33. Bxd1 Bg6 34. Bb3+ Kf8 35. Bc2 Bxc2 36. Rxc2 Rxf3 37. Rh2 Kf7 38. Kb1 g6 39. Ka2 Rf2 40. Rxf2+ Bxf2 41. Be5 c6 42. Kb3 Ke6 43. Bc7 Kd5 44. Kc2 Kc4 45. Be5 c5 46. Bd6 cxb4 47. axb4 Be1 0-1


[Site "https://www.chess.com"]

[Event "Titled Tuesday Blitz May 03 Early 2022"]
[White "Mikhalsky, Vladimir"]
[Black "De Souza, Cristiano Gomes"]
[WhiteFideId "14144352"]
[BlackFideId "2151758"]
[WhiteElo "2301"]
[BlackElo "2068"]
[Result "1-0"]
[Round "06"]
[TimeControl "180+1"]
[Date "2022.05.03"]
[WhiteClock "0:01:38"]
[BlackClock "0:01:40"]

1. e4 c5 2. Nf3 d6 3. Bb5+ Bd7 4. Bxd7+ Qxd7 5. c4 Nc6 6. d4 cxd4 7. Nxd4 g6 8. Nc3 Bg7 9. Nc2 Nf6 10. f3 O-O 11. Be3 Rfc8 12. Qd2 Ne5 13. b3 h5 14. O-O b6 15. a4 Kh7 16. a5 Qb7 17. axb6 axb6 18. Nd4 Nfd7 19. Na4 Nc5 20. Nxc5 bxc5 21. Rxa8 Rxa8 22. Nb5 Nc6 23. f4 Nd4 24. Bxd4 cxd4 25. e5 dxe5 26. fxe5 Qe4 27. Qxd4 Qxd4+ 28. Nxd4 Bxe5 29. Nc6 Bf6 30. Nxe7 Rb8 31. Rxf6 1-0


[Site "https://www.chess.com"]

[Event "Titled Tuesday Blitz May 03 Early 2022"]
[White "Miszler, Levente"]
[Black "Camacho Collados, Jose"]
[WhiteFideId "763276"]
[BlackFideId "2265427"]
[WhiteElo "1966"]
[BlackElo "2351"]
[Result "0-1"]
[Round "06"]
[TimeControl "180+1"]
[Date "2022.05.03"]
[WhiteClock "0:01:32"]
[BlackClock "0:02:20"]

1. Nf3 c5 2. c4 g6 3. Nc3 Bg7 4. d4 cxd4 5. Nxd4 Nc6 6. Nxc6 bxc6 7. g3 Nf6 8. Bg2 O-O 9. O-O Rb8 10. e4 Qa5 11. Qc2 d6 12. Be3 Be6 13. b3 Ng4 14. Bd2 Bd4 15. h3 Nxf2 16. Rxf2 Qe5 17. Qd3 f5 18. Bf4 Bxf2+ 19. Kxf2 fxe4 20. Qxe4 g5 21. Qf3 gxf4 22. Re1 fxg3+ 0-1


[Site "https://www.chess.com"]

[Event "Titled Tuesday Blitz May 03 Early 2022"]
[White "Moiseenko, Alexander"]
[Black "Preotu, Razvan"]
[WhiteFideId "14102560"]
[BlackFideId "2613280"]
[WhiteElo "2577"]
[BlackElo "2407"]
[Result "1-0"]
[Round "06"]
[TimeControl "180+1"]
[Date "2022.05.03"]
[WhiteClock "0:01:00"]
[BlackClock "0:00:33"]

1. d4 Nf6 2. Bg5 d5 3. e3 Ne4 4. Bf4 g5 5. Be5 Rg8 6. Bd3 Nc6 7. Bxe4 dxe4 8. Bg3 Bf5 9. Nc3 e6 10. h4 h6 11. hxg5 hxg5 12. Qd2 Na5 13. Nb5 Nc4 14. Qc3 Nb6 15. Nxc7+ Kd7 16. Nxa8 Nd5 17. Qb3 Qxa8 18. a3 Qc8 19. c4 Nb6 20. Rc1 Qc6 21. Ne2 Qa4 22. Qxa4+ Nxa4 23. Rc2 Be7 24. c5 Rc8 25. Kd1 1-0


[Site "https://www.chess.com"]

[Event "Titled Tuesday Blitz May 03 Early 2022"]
[White "Murtazin, Bulat"]
[Black "Samarth, J Rao"]
[WhiteFideId "24151351"]
[BlackFideId "46652370"]
[WhiteElo "2329"]
[BlackElo "1514"]
[Result "1-0"]
[Round "06"]
[TimeControl "180+1"]
[Date "2022.05.03"]
[WhiteClock "0:01:18"]
[BlackClock "0:01:46"]

1. d4 Nf6 2. c4 g6 3. f3 d5 4. cxd5 Nxd5 5. e4 Nb6 6. Nc3 Bg7 7. Be3 O-O 8. Qd2 c6 9. Rd1 e5 10. d5 cxd5 11. Bxb6 Qxb6 12. Nxd5 Qd6 13. Qb4 Qxb4+ 14. Nxb4 Be6 15. Ne2 Nc6 16. Nxc6 bxc6 17. Nc3 Rfd8 18. Ba6 Rd4 19. Ke2 Rb8 20. b3 Rxe4+ 1-0


[Site "https://www.chess.com"]

[Event "Titled Tuesday Blitz May 03 Early 2022"]
[White "Nagy, Gabor"]
[Black "Kanyamarala, Tarun"]
[WhiteFideId "737119"]
[BlackFideId "45004714"]
[WhiteElo "2534"]
[BlackElo "2177"]
[Result "1-0"]
[Round "06"]
[TimeControl "180+1"]
[Date "2022.05.03"]
[WhiteClock "0:01:14"]
[BlackClock "0:00:06"]

1. d4 f5 2. Nh3 Nf6 3. g3 g6 4. Bg2 Bg7 5. Nf4 Nc6 6. Nc3 e5 7. dxe5 Nxe5 8. h4 c6 9. h5 g5 10. h6 Bf8 11. Nd3 Nf7 12. f4 g4 13. Ne5 d5 14. Be3 Bd6 15. Nxf7 Kxf7 16. Qd3 Re8 17. O-O-O Qa5 18. Kb1 Be6 19. Bd4 Rad8 20. Bxf6 Kxf6 21. Qd4+ Ke7 22. Qg7+ Bf7 23. Qxh7 d4 24. Rxd4 Rh8 25. Qg7 Rdg8 26. Ra4 Qxa4 27. Qxh8 Bxa2+ 28. Ka1 Qa5 29. Qd4 Bd5+ 30. Kb1 Bxg2 31. h7 Rd8 32. h8=Q Rxh8 33. Rxh8 Bd5 34. Qg7+ Bf7 35. Qf8+ Ke6 36. Rh6+ 1-0


[Site "https://www.chess.com"]

[Event "Titled Tuesday Blitz May 03 Early 2022"]
[White "Navalgund, Niranjan"]
[Black "Barp, Alberto"]
[WhiteFideId "5030854"]
[BlackFideId "872555"]
[WhiteElo "2290"]
[BlackElo "2229"]
[Result "0-1"]
[Round "06"]
[TimeControl "180+1"]
[Date "2022.05.03"]
[WhiteClock "0:01:58"]
[BlackClock "0:01:36"]

1. e4 e5 2. Nf3 Nc6 3. Nc3 Nf6 4. Nxe5 Nxe5 5. d4 Ng6 6. e5 Ng8 7. Bc4 c6 8. Qf3 d5 9. exd6 Nf6 10. Qe2+ Kd7 11. Bxf7 Bxd6 12. Bg5 Qe7 13. Qxe7+ Kxe7 14. Bb3 Be6 15. O-O-O Bxb3 16. axb3 Kf7 17. d5 Rad8 18. dxc6 bxc6 19. Bxf6 gxf6 20. g3 f5 21. Kb1 Bc5 22. f4 Rhe8 23. h4 Nf8 24. Na4 Bf2 25. Rdf1 Bxg3 26. Rf3 Re1+ 27. Rxe1 Bxe1 28. Nc5 Bxh4 29. Nd3 Bf6 30. b4 h5 31. Rh3 h4 32. c4 Ng6 33. Kc2 Re8 34. Kd2 Re4 0-1


[Site "https://www.chess.com"]

[Event "Titled Tuesday Blitz May 03 Early 2022"]
[White "Nguyen, Hong Anh"]
[Black "Molina, Roberto Junio Brito"]
[WhiteFideId "12406732"]
[BlackFideId "2109450"]
[WhiteElo "2016"]
[BlackElo "2432"]
[Result "1-0"]
[Round "06"]
[TimeControl "180+1"]
[Date "2022.05.03"]
[WhiteClock "0:01:32"]
[BlackClock "0:01:04"]

1. d4 d5 2. c4 c6 3. Nf3 Nf6 4. Qc2 dxc4 5. Qxc4 Bf5 6. g3 e6 7. Bg2 Nbd7 8. O-O Be7 9. Nc3 O-O 10. Re1 Ne4 11. Bf4 a5 12. Qb3 Qb6 13. Qxb6 Nxb6 14. Ne5 Nxc3 15. bxc3 g5 16. e4 Bg6 17. Be3 Na4 18. Bd2 Rfc8 19. d5 cxd5 20. exd5 Bf6 21. dxe6 Rab8 22. Nd7 Bxc3 23. Bxc3 Nxc3 24. Nxb8 Rxb8 25. e7 f6 26. Rac1 Nxa2 27. Bd5+ Bf7 28. e8=Q+ 1-0


[Site "https://www.chess.com"]

[Event "Titled Tuesday Blitz May 03 Early 2022"]
[White "Nguyen Hong Nhung"]
[Black "Khokhlova, Daria"]
[WhiteFideId "12412201"]
[BlackFideId "24182729"]
[WhiteElo "1758"]
[BlackElo "2034"]
[Result "1-0"]
[Round "06"]
[TimeControl "180+1"]
[Date "2022.05.03"]
[WhiteClock "0:00:19"]
[BlackClock "0:00:08"]

1. e4 c5 2. Nc3 Nc6 3. Bb5 Nd4 4. Bc4 e6 5. Nge2 Nf6 6. O-O d5 7. exd5 exd5 8. Nxd5 Nxd5 9. Nxd4 cxd4 10. Qh5 Be6 11. Re1 Nf4 12. Bb5+ Ke7 13. Qg5+ f6 14. Qxf4 Kf7 15. d3 a6 16. Ba4 b5 17. Bb3 Bxb3 18. axb3 Bc5 19. Qf5 Qd6 20. Bf4 Qc6 21. Qh5+ g6 22. Qh6 Bf8 23. Qh3 g5 24. Qh5+ Kg7 25. Bg3 Bb4 26. Re4 Rhe8 27. Rxd4 Bc5 28. Re4 Rxe4 29. dxe4 Qxe4 30. Rd1 Re8 31. h4 h6 32. hxg5 hxg5 33. Rd7+ Re7 34. Rd8 Qe1+ 35. Kh2 f5 36. Qh8+ Kg6 37. Rg8+ Kf7 38. Rf8+ Ke6 39. Qf6+ Kd7 40. Qxf5+ Kc6 41. Rc8+ Kb7 42. Rxc5 1-0


[Site "https://www.chess.com"]